 Dungeon Crawl Stone Soup version 0.17.3-4-g93a25c67f4 (webtiles) character file.

308 WanderinGondola the Insei (level 6, -3/51 HPs)
             Began as a Mummy Monk on Mar 30, 2024.
             Killed from afar by an orc wizard (18 damage)
             ... with a puff of flame
             ... on level 2 of the Dungeon.
             The game lasted 00:05:54 (6322 turns).

WanderinGondola the Insei (Mummy Monk)              Turns: 6322, Time: 00:05:55

Health: -3/51      AC:  1    Str: 15    XL:     6   Next: 17%
Magic:  6/6        EV: 14    Int:  9    God:
Gold:   147        SH:  0    Dex: 16    Spells: 0 memorised, 5 levels left

rFire  x . .     SeeInvis .       - Unarmed
rCold  + . .     Clarity  .     (no armour)
rNeg   + + +     SustAt   .     (no shield)
rPois  ∞         Gourm    .     (no helmet)
rElec  .         Spirit   .     b - +0 cloak
rCorr  .         Warding  .     (no gloves)
rMut   .         Stasis   .     (no boots)
MR     .....                    (no amulet)
Stlth  ++........               (no ring)
                                a - +1 ring of evasion

@: not resistant to hostile enchantments, unstealthy
A: no food or potions, fire vulnerability, cold resistance 1, negative energy
resistance 3, torment resistance, unbreathing
a: no special abilities


You were on level 2 of the Dungeon.
You were not hungry.

You visited 1 branch of the dungeon, and saw 4 of its levels.

You collected 147 gold pieces.


Innate Abilities, Weirdness & Mutations

You do not eat or drink.
Your flesh is vulnerable to fire.
You are immune to poison.
Your flesh is cold resistant.
You are immune to negative energy.
You are immune to unholy pain and torment.
You can survive without breathing.


   Skills:
 - Level 5.0 Fighting
 + Level 2.8 Dodging
 - Level 1.5 Stealth
 - Level 5.0 Unarmed Combat


You had 5 spell levels left.
You didn't know any spells.

Inventory:

Armour
 b - a +0 cloak (worn)
Jewellery
 a - a +1 ring of evasion (left hand)
Scrolls
 c - 2 scrolls of fear {unknown}
 d - 5 scrolls of identify {unknown}
 e - 4 scrolls of remove curse {unknown}
 f - a scroll of teleportation {unknown}
 g - 2 scrolls of enchant armour {unknown}
 h - a scroll of fog {unknown}

Dungeon Overview and Level Annotations

Branches:
Dungeon (4/15)
 Temple: D:4-7

Altars:
Nemelex Xobeh
Zin

Annotations:
D:4 exclusions: orc priest and orc wizard

.▒ ▒.▒ .▒ ▒.▒ ▒▒▒▒▒▒▒▒▒▒▒
.▒ ▒.▒▒▒▒▒ ▒.........▒ .▒
▒.....▒ ▒.▒▒▒▒▒▒▒.▒
.▒▒▒▒▒.▒▒▒.▒ ▒.▒ ▒.▒
▒▒.....▒ ▒.▒▒▒▒.▒▒▒▒▒ ▒.▒
...▒▒▒.▒▒▒..........▒ ▒.▒
▒▒▒▒▒......▒▒▒▒o▒.▒.▒▒▒.▒
▒.....▒▒▒ ▒.M▒▒.<▒▒.▒
▒▒...▒▒ ▒..[......▒ ▒▒.▒▒
▒▒.▒.▒.▒▒▒▒ ▒.▒ ▒▒...▒▒
▒.▒ ▒▒.▒▒ ▒▒'▒▒ ▒.▒
▒▒...▒▒ ▒.▒ ▒▒.....▒▒
▒▒▒.▒ ▒▒.......▒▒ ▒▒)▒.▒


You could see an orc wizard.


Message History

You closely miss the orc wizard!
The orc wizard is moderately wounded!
The orc wizard misses you!
The orc wizard hits you but does no damage!
You closely miss the orc wizard!
The orc wizard is moderately wounded!
The orc wizard hits you with a dagger!
You take 2 damage, and have 35/51 hp!
You pummel the orc wizard like a punching bag!
The orc wizard is heavily wounded!
The orc wizard hits you but does no damage!
You squash the orc wizard like an ant!
The orc wizard is severely wounded!
The orc wizard hits you with a dagger!
You take 3 damage, and have 32/51 hp!
You beat the orc wizard into a bloody pulp!
The orc wizard is almost dead!
The orc wizard hits you with a dagger!
The orc wizard points at you and mumbles some strange words!
The puff of flame hits you!!!
The fire burns you terribly!!! * * * don't die
* * * You take 17 damage, and have 15/51 hp!
MASSIVE DAMAGE!!!!!!
You squash the orc wizard but do no damage!
The orc wizard is almost dead!
The orc wizard miscasts a cantrip!
You barely miss the orc wizard!
The orc wizard is almost dead!
The orc wizard casts a spell at you! The puff of flame hits you!!!
The fire burns you terribly!!! rip

Action                   |  1- 3 |  4- 6 || total
-------------------------+-------+-------++-------
Melee: Unarmed           |   118 |   243 ||   361
 Stab: Sleeping          |     5 |     5 ||    10
       Distracted        |       |     1 ||     1

Vault maps used:
D:1:      onia_arrival_pentagram, minmay_misc_feat_x
D:2:      zin_treasury, roderic_lattice_a, uniq_jessica
D:3:      nicolae_overflow_crystal_walls, first_bread
D:4:      nicolae_ru_the_path_less_chosen

Notes
Turn   | Place    | Note
--------------------------------------------------------------
     0 | D:1      | WanderinGondola the Mummy Monk began the quest for the Orb.
     0 | D:1      | Reached XP level 1. HP: 18/18 MP: 1/1
   313 | D:1      | Reached XP level 2. HP: 22/24 MP: 2/2
   614 | D:1      | Reached skill level 4 in Unarmed Combat
   778 | D:1      | Reached XP level 3. HP: 6/29 MP: 3/3
  1812 | D:2      | Noticed Jessica
  1817 | D:2      | Killed Jessica
  1817 | D:2      | Reached XP level 4. HP: 27/35 MP: 4/4
  2336 | D:2      | Reached skill level 5 in Unarmed Combat
  2962 | D:2      | Reached XP level 5. HP: 28/41 MP: 5/5
  3297 | D:2      | Found a glowing silver altar of Zin.
  4116 | D:3      | Reached skill level 4 in Fighting
  4339 | D:3      | Found a sparkling altar of Nemelex Xobeh.
  5548 | D:3      | Reached skill level 5 in Fighting
  5548 | D:3      | Reached XP level 6. HP: 34/51 MP: 6/6
  6322 | D:2      | Killed from afar by an orc wizard

Vanquished Creatures
  An orc wizard (D:3)
  An orc priest (D:3)
  Jessica (D:2)
  9 gnolls
  2 adders
  An ooze (D:2)
  3 worms
  13 orcs
  7 giant cockroaches
  14 goblins
  10 hobgoblins
  8 jackals (D:1)
  6 kobolds
  2 quokkas
  A ball python (D:2)
  7 bats
  3 giant newts
  12 rats
101 creatures vanquished.
